 Dungeon Crawl Stone Soup version 0.30.0-5-g1a98f26d00 (webtiles) character file.

Game seed: 3433342920858218244

189 Woods the Slasher (level 5, -9/43 HPs)
             Began as a Gnoll Reaver on May 10, 2023.
             Killed themself with a badly aimed iceblast (14 damage)
             ... on level 5 of the Dungeon.
             The game lasted 00:04:37 (2794 turns).

Woods the Slasher (Gnoll Reaver)                    Turns: 2794, Time: 00:04:38

Health: -9/43      AC:  5    Str: 12    XL:     5   Next: 68%
Magic:  12/12      EV: 12    Int: 20    God:
Gold:   195        SH:  0    Dex: 10    Spells: 13/14 levels left

rFire   + . .        a - +0 falchion
rCold   . . .        (no shield)
rNeg    . . .        b - +0 leather armour
rPois   .            (no helmet)
rElec   .            n - +0 cloak
rCorr   .            (no gloves)
SInv    .            i - +0 pair of boots
Will    .....        (no amulet)
Stlth   +            c - +6 ring of intelligence
HPRegen 0.27/turn    k - ring of protection from fire
MPRegen 0.13/turn

%: no passive effects
@: no status effects
A: fangs 1, strong nose, distributed training
a: no special abilities


You were on level 5 of the Dungeon.
You visited 1 branch of the dungeon, and saw 5 of its levels.

You collected 195 gold pieces.

Inventory:

Hand Weapons
 a - a +0 falchion (weapon)
Missiles
 r - 2 throwing nets
Armour
 b - a +0 leather armour (worn)
 i - a +0 pair of boots (worn)
 n - a +0 cloak (worn)
Jewellery
 c - a +6 ring of intelligence (left hand)
 k - a ring of protection from fire (right hand)
Wands
 x - a wand of iceblast (8)
Scrolls
 e - 2 scrolls of fear {unknown}
 g - a scroll of noise {unknown}
 h - 4 scrolls of identify {unknown}
 m - a scroll of vulnerability {unknown}
 p - a scroll of enchant weapon {unknown}
 s - a scroll of amnesia {unknown}
 u - a scroll of poison {unknown}
 v - a scroll of silence {unknown}
 w - a scroll of fog {unknown}
Potions
 d - 3 potions of heal wounds {unknown}
 f - a potion of ambrosia {unknown}
 j - 2 potions of brilliance {unknown}
 l - a potion of curing {unknown}
 o - a potion of mutation {unknown}
 q - a potion of degeneration {unknown}
 t - a potion of cancellation {unknown}


   Skills:
 + Level 4.8 Fighting
 + Level 1.6 Short Blades
 + Level 6.7 Long Blades
 + Level 1.6 Axes
 + Level 1.6 Maces & Flails
 + Level 1.6 Polearms
 + Level 1.6 Staves
 + Level 1.6 Ranged Weapons
 + Level 1.6 Throwing
 + Level 1.6 Armour
 + Level 4.8 Dodging
 + Level 1.6 Stealth
 + Level 1.6 Shields
 + Level 1.6 Unarmed Combat
 + Level 5.2 Spellcasting
 + Level 5.6 Conjurations
 + Level 1.3 Hexes
 + Level 1.3 Summonings
 + Level 1.3 Necromancy
 + Level 1.3 Translocations
 + Level 1.3 Transmutations
 + Level 1.3 Fire Magic
 + Level 1.3 Ice Magic
 + Level 1.3 Air Magic
 + Level 1.3 Earth Magic
 + Level 1.3 Poison Magic
 + Level 1.9 Invocations
 + Level 1.6 Evocations


You had 13 spell levels left.
You knew the following spells:

 Your Spells              Type           Power      Damage    Failure   Level
a - Kiss of Death         Conj/Necr      76%        2d11      3%          1

Your spell library contained the following spells:

 Spells                   Type           Power      Damage    Failure   Level
 Momentum Strike          Conj/Tloc      38%        3d9       5%          2
 Sandblast                Erth           20%        2d7       9%          1
 Sting                    Tmut/Pois      40%        1d5       9%          1
 Hailstorm                Conj/Ice       19%        3d6       11%         3
 Stone Arrow              Conj/Erth      38%        3d9       11%         3
 Passwall                 Tmut/Erth      8%         N/A       13%         2
 Poisonous Vapours        Pois/Air       20%        N/A       13%         2
 Olgreb's Toxic Radiance  Pois           10%        N/A       63%         4


Dungeon Overview and Level Annotations

Branches:
Dungeon (5/15)
 Temple: D:4-7

Altars:
Gozag
Xom

Shops:
D:2 *

Annotations:
D:4 Sigmund


Innate Abilities, Weirdness & Mutations

You have very sharp teeth.
Your uncanny sense of smell can sniff out nearby items.
Your experience applies equally to all skills.


Message History

You hit the orc priest but do no damage.
The orc priest is moderately wounded.
The orc priest hits you with a +0 club. Something hits you but does no damage.
You barely miss the orc priest. Your bite misses the orc priest.
The orc priest is moderately wounded.
The orc priest hits you with a +0 club.
You hear some strange, mumbled words.
A magic dart appears from out of thin air!
The magic dart hits you!
You hit the orc priest.
The orc priest is moderately wounded.
The orc priest hits you with a +0 club. Something completely misses you.
You hit the orc priest.
The orc priest is heavily wounded.
The orc priest hits you with a +0 club.
* * * LOW HITPOINT WARNING * * *
Something hits you.
* * * LOW HITPOINT WARNING * * *
You hit the orc priest but do no damage.
The orc priest is heavily wounded.
The orc priest hits you with a +0 club.
* * * LOW HITPOINT WARNING * * *
Something hits you.
* * * LOW HITPOINT WARNING * * *
Unknown command.
Aiming: Iceblast
Press: ? - help, Shift-Dir - straight line The mass of ice explodes!
The iceblast engulfs the orc priest!
You kill the orc priest!
You hear some strange, mumbled words.
Something tries to affect you, but you resist.
Unknown command.
Something hits you but does no damage.
Press: ? - help, v - describe, . - travel The floor.
Aiming: Iceblast
Press: ? - help, Shift-Dir - straight line The mass of ice explodes!
The iceblast engulfs something!
The iceblast engulfs you!
You die...

#.# #.# #.#
#.##### #.#
#...... #.#
####### #.# #####
#.####### .....
########)).....#
.####
............##.#
.######.#..@<#.##
##...#...#...###
#
#..#####.......#
#
#....#...#.(.#.#
####
#.##.#....#.##.#
..##
#......#.##.##.#
#.##
#..#####.##.##.#
#.## #..#
#.##.##.# #.##
#..# #.##.##.#
#.##


There were no monsters in sight!

Vanquished Creatures
  An orc priest (D:5)
  A hound (D:4)
  3 gnolls (D:3)
  2 adders
  A shadow imp (D:3)
  A worm (D:3)
  A dart slug (D:1)
  2 orcs
  4 endoplasms
  4 giant cockroaches
  8 goblins
  3 hobgoblins
  6 jackals
  3 quokkas
  6 ball pythons
  5 bats
  6 frilled lizards
  5 kobolds
  6 rats
68 creatures vanquished.

Notes
Turn   | Place    | Note
-------+----------+-------------------------------------------
     0 | D:1      | Woods the Gnoll Reaver began the quest for the Orb.
     0 | D:1      | Reached XP level 1. HP: 20/20 MP: 6/6
   214 | D:1      | Reached XP level 2. HP: 26/26 MP: 7/7
   684 | D:1      | Reached skill level 5 in Spellcasting
   684 | D:1      | Reached XP level 3. HP: 28/31 MP: 7/9
   876 | D:2      | Found Salex's Assorted Antiques.
  1066 | D:2      | Reached skill level 1 in Invocations
  1254 | D:2      | Reached skill level 1 in Short Blades
  1254 | D:2      | Reached skill level 1 in Axes
  1254 | D:2      | Reached skill level 1 in Maces & Flails
  1254 | D:2      | Reached skill level 1 in Polearms
  1254 | D:2      | Reached skill level 1 in Staves
  1254 | D:2      | Reached skill level 1 in Ranged Weapons
  1254 | D:2      | Reached skill level 1 in Throwing
  1254 | D:2      | Reached skill level 1 in Armour
  1254 | D:2      | Reached skill level 1 in Stealth
  1254 | D:2      | Reached skill level 1 in Shields
  1254 | D:2      | Reached skill level 1 in Unarmed Combat
  1254 | D:2      | Reached skill level 1 in Evocations
  1303 | D:3      | Found a shimmering altar of Xom.
  1347 | D:3      | Reached XP level 4. HP: 33/38 MP: 11/11
  1414 | D:3      | Reached skill level 1 in Hexes
  1414 | D:3      | Reached skill level 1 in Summonings
  1414 | D:3      | Reached skill level 1 in Necromancy
  1414 | D:3      | Reached skill level 1 in Translocations
  1414 | D:3      | Reached skill level 1 in Transmutations
  1414 | D:3      | Reached skill level 1 in Fire Magic
  1414 | D:3      | Reached skill level 1 in Ice Magic
  1414 | D:3      | Reached skill level 1 in Air Magic
  1414 | D:3      | Reached skill level 1 in Earth Magic
  1414 | D:3      | Reached skill level 1 in Poison Magic
  2018 | D:3      | Reached XP level 5. HP: 38/43 MP: 12/12
  2103 | D:4      | Noticed a black bear
  2199 | D:4      | Found an opulent altar of Gozag.
  2574 | D:4      | Noticed Sigmund
  2637 | D:5      | Entered Level 5 of the Dungeon
  2794 | D:5      | Killed themself with a badly aimed iceblast

Illustrated notes

Levels and vault maps discovered:
D:1:      dreamdust_arrival_sigmund_warning, layout_loops_corners
D:2:      layout_basic, serial_shops, nicolae_shop_behind_doors
D:3:      layout_loops_cross, mainiacjoe_overflow_boulevard
D:4:      layout_basic, mainiacjoe_overflow_cross_hatched, serial_shops,
          nicolae_shop_hallway_stairs, serial_bayou_pond_a, uniq_sigmund
D:5:      layout_loops_ring, nicolae_overflow_hallway_of_the_gods

Skill      XL: |  1  2  3  4 |
---------------+-------------+-----
Spellcasting   | 5 |  5.2
Invocations    | 1 |  1.9
Short Blades   | 1 |  1.6
Axes           | 1 |  1.6
Maces & Flails | 1 |  1.6
Polearms       | 1 |  1.6
Staves         | 1 |  1.6
Ranged Weapons | 1 |  1.6
Throwing       | 1 |  1.6
Armour         | 1 |  1.6
Stealth        | 1 |  1.6
Shields        | 1 |  1.6
Unarmed Combat | 1 |  1.6
Evocations     | 1 |  1.6
Hexes          | 1 |  1.3
Summonings     | 1 |  1.3
Necromancy     | 1 |  1.3
Translocations | 1 |  1.3
Transmutations | 1 |  1.3
Fire Magic     | 1 |  1.3
Ice Magic      | 1 |  1.3
Air Magic      | 1 |  1.3
Earth Magic    | 1 |  1.3
Poison Magic   | 1 |  1.3
Fighting       | |  4.8
Long Blades    | |  6.7
Dodging        | |  4.8
Conjurations   | |  5.6

Action                     |  1- 3 |  4- 6 || total
---------------------------+-------+-------++-------
  Melee: Falchion          |   118 |   131 ||   249
         Bite              |     8 |    10 ||    18
         Punch             |     1 |     1 ||     2
  Evoke: Wand              |       |     1 ||     1
   Stab: Sleeping          |     1 |     1 ||     2
 Armour: Leather armour    |    31 |    35 ||    66
  Dodge: Dodged            |    76 |    85 ||   161
